 Dungeon Crawl Stone Soup version 0.24-a0-189-g5d897e9104 (webtiles) character file.

Game seed: 6905685149831430774

910 MrRokkomies the Sneak (level 8, -10/50 HPs)
             Began as an Octopode Assassin on Mar 17, 2019.
             Was an Initiate of Dithmenos.
             Shot with an arrow by a centaur (16 damage)
             ... on level 5 of the Dungeon.
             The game lasted 00:18:10 (5912 turns).

MrRokkomies the Sneak (Octopode Assassin)           Turns: 5912, Time: 00:18:10

Health: -10/50     AC:  1    Str: 10    XL:     8   Next: 8%
Magic:  8/8        EV: 12    Int: 17    God:    Dithmenos [......]
Gold:   119        SH:  0    Dex: 16    Spells: 5/7 levels left

rFire    . . .     SeeInvis .   a - +2 dagger
rCold    . . .     Gourm    .   j - +0 buckler
rNeg     . . .     Faith    .   (helmet restricted)
rPois    .         Spirit   .   (no amulet)
rElec    .         Reflect  .   q - +3 ring of slaying
rCorr    .         Harm     .   o - +4 ring of intelligence
MR       .....                  (no ring)
Stlth    +++.......             (no ring)
HPRegen  0.16/turn              (no ring)
MPRegen  0.11/turn              (no ring)
                                (no ring)
                                (no ring)

@: confused
A: almost no armour, stealthy swim, amphibious, 8 rings, constrict 8, camouflage
1, gelatinous body 1
a: Renounce Religion


You were on level 5 of the Dungeon.
You worshipped Dithmenos.
Dithmenos was noncommittal.
You were hungry.

You visited 2 branches of the dungeon, and saw 6 of its levels.

You collected 119 gold pieces.

Inventory:

Hand Weapons
 a - a +2 dagger (weapon)
 b - a +0 blowgun
Missiles
 c - 6 poisoned needles
 d - 2 curare-tipped needles
 e - 58 stones
 s - 2 tomahawks (quivered)
Armour
 j - a +0 buckler (worn)
Jewellery
 o - a +4 ring of intelligence (right tentacle)
 q - a +3 ring of slaying (left tentacle)
Scrolls
 k - a scroll of magic mapping
 t - 2 scrolls of teleportation
 u - a scroll of fear {unknown}
Potions
 h - a potion of mutation {unknown}
 i - 2 potions of magic
 l - a potion of degeneration {unknown}
 m - a potion of brilliance {unknown}
 p - a potion of might {unknown}
 r - a potion of haste
Comestibles
 f - 5 rations


   Skills:
 - Level 2.0 Fighting
 * Level 5.9 Short Blades
 - Level 5.0 Throwing
 - Level 1.0 Dodging
 + Level 7.8 Stealth
 * Level 2.9 Shields


You had 5 spell levels left.
You knew the following spells:

 Your Spells              Type           Power        Failure   Level  Hunger
a - Confusing Touch       Hex            #.....       26%         1    ##.....
b - Animate Skeleton      Necr           N/A          26%         1    ##.....

Your spell library contained the following spells:

 Spells                   Type           Power        Failure   Level  Hunger
 Apportation              Tloc           #.....       26%         1    ##.....
 Summon Small Mammal      Summ           #...         26%         1    ##.....


Dungeon Overview and Level Annotations

Branches:
Dungeon (5/15)             Temple (1/1) D:5

Altars:
Ashenzari
Cheibriados
Dithmenos
Elyvilon
Fedhas
Gozag
Hepliaklqana
Kikubaaqudgha
Makhleb
Nemelex Xobeh
Okawaru
Qazlal
Ru
Sif Muna
Trog
Uskayaw
Vehumet
Wu Jian
Xom
Yredelemnul
Zin
The Shining One

Annotations:
D:4 2 transporters, xoxolimbo's ghost, novice OpMo


Innate Abilities, Weirdness & Mutations

You cannot wear most types of armour.
You are very stealthy in the water. (Stealth+)
You are amphibious.
You can wear up to eight rings at the same time.
You can use your tentacles to constrict eight enemies at once.
Your skin changes colour to match your surroundings (Stealth+).
Your rubbery body absorbs attacks. (AC +1, EV +1)


Message History

The centaur shoots an arrow.
You block the arrow.
The centaur unwields a +0 shortbow.
The centaur barely misses you.
The gnoll hits you from afar with a +0 halberd!
* * * LOW HITPOINT WARNING * * *
Things that are here:
a +0 club; an arrow You hit the centaur.
You squeeze the centaur.
The centaur is heavily wounded.
The centaur barely misses you. x2
You hit the centaur. Your squeeze misses the centaur.
The centaur is severely wounded.
The gnoll hits you from afar with a +0 halberd!
* * * LOW HITPOINT WARNING * * *
The centaur misses you.
You are confused.
You feel invigorated. The centaur hits you!
* * * LOW HITPOINT WARNING * * *
The centaur wields a +0 shortbow.
The centaur shoots an arrow.
The arrow hits you!
You die...

........## #.....##....
.......... #..........#
........#.. #....#.#...#
.......#### ##.....gg....
...#..## .....#.#..>.
#..#..# #.#######........
.#.#.## .....g...g..#
.#.#.### ############..#
.#.#.#.# ##...(.@)cgg..##
.#.#.#.###...#######g.##
.#.#.#.#......†........##
#..#.......#...............
#..#...........#.#...######
..####........##.##......
..
..###..##.....##.##....## #
..#.8.###....###.#.....#
#......###...# #.....#...


You could see a centaur and 4 gnolls.

Vanquished Creatures
  An ogre (D:3)
  A scorpion (D:5)
  A crimson imp (D:5)
  A quasit (D:3)
  2 orc priests
  2 hounds
  Crazy Yiuf (D:3)
  2 orc wizards
  Jessica (D:3)
  A bullfrog skeleton (D:4)
  2 iguanas (D:4)
  Natasha (thrice) (D:3)
  4 worker ants
  A worker ant zombie (D:5)
  7 gnolls
  6 adders
  4 worms
  5 dart slugs
  6 leopard geckos
  11 orcs
  6 giant cockroaches
  7 goblins
  5 hobgoblins
  A quokka (D:3)
  A ball python (D:2)
  6 bats
  6 frilled lizards
  5 kobolds
  8 rats
107 creatures vanquished.

Vanquished Creatures (others)
  4 plants (D:4)
4 creatures vanquished.

Grand Total: 111 creatures vanquished

Notes
Turn   | Place    | Note
-------+----------+-------------------------------------------
     0 | D:1      | MrRokkomies the Octopode Assassin began the quest for the
                  | Orb.
     0 | D:1      | Reached XP level 1. HP: 14/14 MP: 1/1
   360 | D:1      | Reached XP level 2. HP: 15/19 MP: 2/2
  1006 | D:2      | Reached XP level 3. HP: 16/24 MP: 3/3
  1207 | D:2      | Reached XP level 4. HP: 19/29 MP: 4/4
  1550 | D:3      | Learned a level 1 spell: Confusing Touch
  1552 | D:3      | Learned a level 1 spell: Animate Skeleton
  1561 | D:3      | Reached skill level 6 in Stealth
  1568 | D:3      | Reached XP level 5. HP: 14/34 MP: 5/5
  1761 | D:3      | Noticed Natasha
  1768 | D:3      | Killed Natasha
  1812 | D:3      | Found a glowing golden altar of the Shining One.
  1874 | D:3      | Noticed Natasha
  2554 | D:3      | Reached XP level 6. HP: 19/39 MP: 4/6
  2887 | D:3      | Killed Natasha
  3012 | D:3      | Found a runed translucent door.
  3013 | D:3      | Noticed Crazy Yiuf
  3055 | D:3      | Noticed Jessica
  3063 | D:3      | Killed Jessica
  3070 | D:3      | Noticed Natasha
  3081 | D:3      | Killed Natasha
  3277 | D:3      | Killed Crazy Yiuf
  3352 | D:3      | Reached XP level 7. HP: 33/45 MP: 7/7
  3445 | D:3      | Reached skill level 7 in Stealth
  3563 | D:3      | Reached skill level 5 in Throwing
  3961 | D:4      | Reached skill level 5 in Short Blades
  4125 | D:4      | Found a transporter.
  4130 | D:4      | Noticed xoxolimbo's ghost (novice OpMo)
  4172 | D:4      | Found a transporter.
  4180 | D:4      | Reached skill level 1 in Shields
  5479 | D:5      | Entered Level 5 of the Dungeon
  5614 | D:5      | Found a staircase to the Ecumenical Temple.
  5623 | Temple   | Entered the Ecumenical Temple
  5714 | Temple   | Became a worshipper of Dithmenos the Shadowed
  5882 | D:5      | Reached XP level 8. HP: 41/50 MP: 8/8
  5911 | D:5      | HP: 2/50 [centaur (7)]
  5912 | D:5      | Shot with an arrow by a centaur

Levels and vault maps discovered:
D:1:      evilmike_arrival_rings, layout_basic
D:2:      layout_rooms, roderic_roman_lattice
D:3:      layout_rooms, tso_altar, minmay_misc_feat_roman, minmay_hedge_maze,
          uniq_natasha, uniq_jessica, uniq_crazy_yiuf_cottage
D:4:      layout_rooms, first_ration, gammafunk_ghost_gnarly_gnolls,
          chequers_serial_rivers_marsh
D:5:      layout_layer_cave, minmay_temple_entry_statues_pillars,
          serial_co_window_serial, co_window_paths_a,
          co_window_of_opportunity_a, co_window_paths_a, co_window_paths_a,
          co_window_corner_a, co_window_paths_b, co_window_paths_a,
          co_window_paths_a, co_window_paths_b, co_window_paths_c,
          co_window_broadway_a, co_window_of_opportunity_c,
          co_window_unsneaky_path_d, co_window_of_opportunity_b,
          glass_columns_b, glass_columns_b, glass_columns_a, glass_columns_a,
          st_stairs_11
Temple:   dpeg_three_leaves_temple

Skill      XL: |  1  2  3  4  5  6  7 |
---------------+----------------------+-----
Short Blades   | 3 4 5 |  5.9
Throwing       | 3 4 5 |  5.0
Stealth        | 6 7 |  7.8
Shields        | 2 |  2.9
Fighting       | |  2.0
Dodging        | |  1.0

Action                   |  1- 3 |  4- 6 |  7- 9 || total
-------------------------+-------+-------+-------++-------
Melee: Dagger            |    52 |    99 |   103 ||   254
       Constrict         |    13 |    26 |    24 ||    63
       Tentacles         |     8 |    22 |    22 ||    52
 Fire: Blowgun           |     1 |    14 |     3 ||    18
Throw: Stone             |       |       |    15 ||    15
       Tomahawk          |       |       |     8 ||     8
 Cast: Confusing Touch   |       |     5 |       ||     5
  Use: Scroll            |     4 |     2 |     4 ||    10
       Potion            |       |     1 |     3 ||     4
 Stab: Sleeping          |     6 |     8 |     4 ||    18
       Confused          |       |     3 |       ||     3
       Distracted        |       |     1 |       ||     1
  Eat: Chunk             |     1 |     6 |     8 ||    15
Armor: Skin              |     2 |     7 |     4 ||    13
Dodge: Dodged            |    24 |    53 |    64 ||   141
Block: Buckler           |     5 |     9 |    19 ||    33

Table legend:
 A = Non-vault XP
 B = Vault XP
 C = Vault XP percentage of total XP
 D = Non-vault monster count
 E = Vault monster count
 F = Vault count percentage of total count
                 A         B        C        D         E       F
            +---------+---------+-------+---------+---------+-------
      Total |    1189 |     112 |   8.6 |     104 |       3 |   2.8
            +---------+---------+-------+---------+---------+-------
        D:1 |      30 |       0 |   0.0 |      19 |       0 |   0.0
        D:2 |     151 |       0 |   0.0 |      17 |       0 |   0.0
        D:3 |     440 |     112 |  20.3 |      39 |       3 |   7.1
        D:4 |     372 |       0 |   0.0 |      23 |       0 |   0.0
        D:5 |     196 |       0 |   0.0 |       6 |       0 |   0.0
            +---------+---------+-------+---------+---------+-------
